 Dungeon Crawl Stone Soup version 0.29.1-2-gbd0b4ee654 (webtiles) character file.

Game seed: 13112035702416700283

714 wingedge the Firebug (level 7, -4/50 HPs)
             Began as a Barachi Fire Elementalist on Nov 4, 2022.
             Was an Initiate of Vehumet.
             Slain by a mummy (14 damage)
             ... in an ossuary.
             The game lasted 00:12:56 (4991 turns).

wingedge the Firebug (Barachi Fire Elementalist)    Turns: 4991, Time: 00:12:57

Health: -4/50      AC:  2    Str:  9    XL:     7   Next: 69%
Magic:  1/13       EV: 12    Int: 18    God:    Vehumet [......]
Gold:   255        SH:  0    Dex: 12    Spells: 1/14 levels left

rFire   . . .      SeeInvis .   i - +0 short sword (freeze)
rCold   . . .      Faith    .   (no shield)
rNeg    . . .      Spirit   .   a - +0 robe
rPois   .          Reflect  .   (helmet restricted)
rElec   .          Harm     .   (no cloak)
rCorr   .          Rampage  .   (no gloves)
Will    ++...                   (no boots)
Stlth   ++........              (no amulet)
HPRegen 0.16/turn               w - ring of willpower
MPRegen 0.13/turn               (no ring)

@: slow
A: amphibious, slowness 1, strong legs 1, +LOS, antennae 1, strong-willed 1,
mutation resistance 1
a: Hop, Renounce Religion


You were in an ossuary.
You worshipped Vehumet.
Vehumet was noncommittal.
You visited 2 branches of the dungeon, and saw 6 of its levels.
You also visited: Ossuary.

You collected 255 gold pieces.

Inventory:

Hand Weapons
 e - a +0 sling
 h - a +0 dagger
 i - a +0 short sword of freezing (weapon)
 s - a +0 falchion
 A - a +1 spear of venom
Armour
 a - a +0 robe (worn)
 g - a +0 leather armour
 E - a +0 helmet
Magical Staves
 f - a staff of fire
 B - a staff of cold
Jewellery
 w - a ring of willpower (left hand)
Scrolls
 d - a scroll of vulnerability {unknown}
 j - a scroll of magic mapping {unknown}
 m - 2 scrolls of blinking
 p - 2 scrolls of teleportation {unknown}
 r - a scroll of enchant weapon {unknown}
 t - a scroll of fear {unknown}
 x - 2 scrolls of amnesia
 y - 2 scrolls of enchant armour {unknown}
 z - 2 scrolls of butterflies {unknown}
 C - a scroll of noise {unknown}
Potions
 b - a potion of ambrosia {unknown}
 n - a potion of lignification {unknown}
 o - a potion of mutation
 q - a potion of might {unknown}
 u - a potion of resistance {unknown}
 v - a potion of flight {unknown}
 D - a potion of degeneration {unknown}


   Skills:
 - Level 2.0 Fighting
 - Level 3.0 Dodging
 - Level 2.1 Stealth
 - Level 4.0 Spellcasting
 - Level 5.0 Conjurations
 - Level 1.0 Hexes
 + Level 6.3 Fire Magic


You had one spell level left.
You knew the following spells:

 Your Spells              Type           Power      Damage    Failure   Level
a - Foxfire               Conj/Fire      96%        2x1d8     1%          1
b - Scorch                Fire           52%        2d8       1%          2
c - Conjure Flame         Conj/Fire      24%        6-21      4%          3
d - Flame Wave            Conj/Fire      24%        2d8       14%         4
e - Inner Flame           Hex/Fire       16%        N/A       10%         3

Your spell library contained the following spells:

 Spells                   Type           Power      Damage    Failure   Level


Dungeon Overview and Level Annotations

Branches:
Dungeon (5/15)             Temple (1/1) D:4         Ossuary (1/1)

Altars:
Ashenzari
Cheibriados
Dithmenos
Elyvilon
Fedhas
Gozag
Hepliaklqana
Kikubaaqudgha
Makhleb
Okawaru
Qazlal
Ru
Sif Muna
Trog
Uskayaw
Vehumet
Xom
Yredelemnul
Zin
The Shining One


Innate Abilities, Weirdness & Mutations

You are amphibious.
You cover ground slowly.
You can hop short distances.
You have an extended range of vision and can be seen from far away.
You have a pair of small antennae on your head.
You are strong-willed. (Will+)
You are somewhat resistant to further mutation.


Message History

You feel better.
The foxfire hits the water moccasin zombie.
The water moccasin zombie is lightly damaged.
The foxfire hits the water moccasin zombie.
The water moccasin zombie is lightly damaged.
The water moccasin zombie bites you.
As you read the scroll of brand weapon, it crumbles to dust.
Your +0 short sword erupts in a glittering mayhem of colour.
i - a +0 short sword of chaos The water moccasin zombie bites you.
Your +0 short sword of chaos is briefly surrounded by a scintillating aura of random colours.
i - a +0 short sword of chaos (weapon)
The water moccasin zombie misses you.
You hit the water moccasin zombie.
The water moccasin zombie is moderately damaged.
The water moccasin zombie bites you but does no damage.
A mummy comes into view.
Casting: Foxfire (safe; 1% risk of failure)
Confirm with . or Enter, or press ? or * to list all spells.
You conjure some foxfire!
The water moccasin zombie bites you.
You hit the water moccasin zombie.
The water moccasin zombie flickers and vanishes!
Deactivating autopickup; reactivate with Ctrl-A.
The foxfire hits something.
The foxfire hits something!
Something bites you.
* * * LOW HITPOINT WARNING * * *
Okay, then.
You feel better.
It was a potion of mutation.
You feel extremely strange.
You feel strong-willed. A pair of antennae grows on your head!
Your +0 helmet falls away!
You feel genetically stable.
As you read the scroll of brand weapon, it crumbles to dust.
Your +0 short sword of chaos is covered with a thin layer of ice!
i - a +0 short sword of freezing (weapon)
The mummy hits you!
* * * LOW HITPOINT WARNING * * *
You hit the mummy but do no damage.
Okay, then.
You hit the mummy but do no damage. The mummy hits you!
You die...

####### ##
≈~~~≈≈# #.#.#.~≈
#'#'#+#Z{.~~##~≈≈
.Z.M..MMMM{.M.~#
##M## #.@.# #.∩.#
#∩..# #####


You could see 2 mummies, 2 bog mummies and a killer bee zombie.

Vanquished Creatures
  A water moccasin (D:5)
  An ogre (D:4)
  2 scorpions
  A wyvern zombie (Ossuary)
  A human zombie (D:5)
  A human skeleton (D:5)
  A mummy (Ossuary)
  3 iguanas (D:4)
  4 gnolls (D:4)
  7 adders
  A worm (D:2)
  4 dart slugs
  7 orcs
  7 ball pythons
  3 endoplasms
  2 giant cockroaches
  9 goblins
  6 hobgoblins
  7 jackals
  2 kobolds
  A quokka (D:1)
  4 bats
  4 frilled lizards
  5 rats
  A butterfly (D:4)
85 creatures vanquished.

Vanquished Creatures (others)
  201 foxfires
  7 withered plants (Ossuary)
208 creatures vanquished.

Grand Total: 293 creatures vanquished

Notes
Turn   | Place    | Note
-------+----------+-------------------------------------------
     0 | D:1      | wingedge the Barachi Fire Elementalist began the quest for
                  | the Orb.
     0 | D:1      | Reached XP level 1. HP: 13/13 MP: 3/3
   217 | D:1      | Reached XP level 2. HP: 19/19 MP: 1/5
   619 | D:1      | Reached XP level 3. HP: 24/24 MP: 3/6
   650 | D:1      | Learned a level 2 spell: Scorch
  1003 | D:2      | Found a faded altar of an unknown god.
  1429 | D:2      | Reached skill level 1 in Fighting
  1887 | D:3      | Reached XP level 4. HP: 32/32 MP: 4/8
  2000 | D:3      | Found a broken altar of Ashenzari.
  2211 | D:3      | Reached skill level 4 in Fire Magic
  2215 | D:3      | Learned a level 3 spell: Conjure Flame
  2513 | D:3      | Noticed a scorpion
  2541 | D:3      | Killed a scorpion
  2542 | D:3      | Reached skill level 5 in Fire Magic
  2542 | D:3      | Reached XP level 5. HP: 37/37 MP: 2/9
  2868 | D:4      | Found a staircase to the Ecumenical Temple.
  2883 | D:4      | Reached XP level 6. HP: 27/43 MP: 2/11
  3157 | Temple   | Entered the Ecumenical Temple
  3224 | Temple   | Became a worshipper of Vehumet
  3290 | D:4      | Reached skill level 6 in Fire Magic
  3376 | D:4      | Learned a level 4 spell: Flame Wave
  3380 | D:4      | Learned a level 3 spell: Inner Flame
  3928 | D:4      | Found a stormy altar of Qazlal.
  3990 | D:4      | Reached XP level 7. HP: 48/48 MP: 0/13
  4096 | D:4      | Reached skill level 1 in Hexes
  4774 | D:5      | Entered Level 5 of the Dungeon
  4885 | D:5      | Found a sand-covered staircase.
  4901 | Ossuary  | Entered an ossuary
  4973 | Ossuary  | Reached skill level 5 in Conjurations
  4988 | Ossuary  | Gained mutation: You are strong-willed. (Will+) [potion of
                  | mutation]
  4988 | Ossuary  | Gained mutation: You have a pair of small antennae on your
                  | head. [potion of mutation]
  4988 | Ossuary  | Gained mutation: You are somewhat resistant to further
                  | mutation. [potion of mutation]
  4991 | Ossuary  | Slain by a mummy

Illustrated notes

Levels and vault maps discovered:
D:1:      psy_arrival_whirlpool, layout_loops_ring, minmay_misc_feat_cross,
          minivault_4
D:2:      layout_basic, hellmonk_ecumenical_altar_leap_of_faith, st_stairs_5
D:3:      layout_loops_ring, nicolae_ashenzari_panopticon, grunt_ministairs_10
D:4:      layout_basic, overflow_temple_1_default,
          minmay_temple_entry_butterflies
D:5:      layout_basic, overflow_temple_1_default,
          nicolae_ossuary_entry_catacombs, gup_sewer_entry_bowl,
          minmay_misc_feat_secret_circle, uniq_grinder
Temple:   regret_index_temple_mists
Ossuary:  ossuary_zaba_flooded

Skill      XL: |  1  2  3  4  5  6  7 |
---------------+----------------------+-----
Stealth        | 2 |  2.1
Conjurations   | 2 3 5 |  5.0
Fighting       | 1 2 |  2.0
Spellcasting   | 3 4 |  4.0
Fire Magic     | 5 6 |  6.3
Hexes          | 1 |  1.0
Dodging        | 3 |  3.0

Action                   |  1- 3 |  4- 6 |  7- 9 || total
-------------------------+-------+-------+-------++-------
Melee: Unarmed           |     1 |       |       ||     1
       Staff             |       |       |     7 ||     7
       Short sword       |       |       |     4 ||     4
 Fire: Sling             |    24 |     4 |       ||    28
 Cast: Foxfire           |    52 |    56 |    12 ||   120
       Conjure Flame     |       |     6 |     1 ||     7
       Scorch            |       |    19 |    13 ||    32
 Abil: Hop               |       |     1 |       ||     1
  Use: Potion            |       |     3 |     3 ||     6
       Scroll            |       |       |     5 ||     5
Armor: Robe              |     3 |       |     3 ||     6
Dodge: Dodged            |    11 |     8 |     9 ||    28
